 Dungeon Crawl Stone Soup version 0.30.0-10-gfe55d96785 (webtiles) character file.

Game seed: 6613637939758194363

66 DrIncompetent the Cudgeller (level 3, -2/11 (32) HPs)
             Began as an Armataur Fighter on May 16, 2023.
             Was an Initiate of Gozag.
             Killed from afar by an orc wizard (4 damage)
             ... with a magic dart
             ... on level 3 of the Dungeon.
             The game lasted 00:07:38 (2743 turns).

DrIncompetent the Cudgeller (Armataur Fighter)      Turns: 2743, Time: 00:07:38

HP:   -2/11 (32)    AC:  9    Str: 23    XL:     3   Next: 96%
MP:   3/3           EV:  6    Int:  8    God:    Gozag
Gold: 358           SH:  5    Dex:  9    Spells: 2/2 levels left

rFire   . . .        a - +0 flail
rCold   . . .        c - +1 buckler
rNeg    . . .        t - +0 chain mail
rPois   .            (no helmet)
rElec   .            o - +0 cloak
rCorr   .            (no gloves)
SInv    .            (no barding)
Will    .....        j - amulet of the acrobat Stlth
                     (no ring)
HPRegen 0.21/turn    (no ring)
MPRegen 0.08/turn

%: acrobat, roll
@: mighty, extremely drained
A: large, rugged brown scales 3, deformed body, armoured tail, roll, long
tongue, awkward tongue
a: Renounce Religion, Potion Petition, Call Merchant, Bribe Branch


You were on level 3 of the Dungeon.
You worshipped Gozag.
Gozag was aware of your devotion.
You visited 1 branch of the dungeon, and saw 3 of its levels.

You collected 358 gold pieces.

Inventory:

Hand Weapons
 a - a +0 flail (weapon)
 q - a +2 heavy spear
 s - a +2 hand axe of flaming
Missiles
 n - 3 poisoned darts (quivered)
Armour
 b - a +0 scale mail
 c - a +1 buckler (worn)
 o - a +0 cloak (worn)
 t - a +0 chain mail (worn)
Jewellery
 j - an amulet of the acrobat (around neck)
Scrolls
 e - a scroll of immolation {unknown}
 h - 2 scrolls of magic mapping {unknown}
 i - a scroll of noise {unknown}
 m - a scroll of blinking {unknown}
 p - a scroll of identify {unknown}
 r - a scroll of teleportation {unknown}
Potions
 d - a potion of might
 f - a potion of haste {unknown}
 g - a potion of flight {unknown}
 k - a potion of lignification {unknown}
 l - a potion of mutation {unknown}


   Skills:
 - Level 2.6 Fighting
 + Level 3.9 Maces & Flails
 - Level 3.6 Armour
 - Level 3.2 Shields


You had 2 spell levels left.
You didn't know any spells.
Your spell library contained the following spells:

 Spells                   Type           Power      Damage    Failure   Level
 Dazzling Flash           Conj/Hex       0%         N/A       100%        3
 Ozocubu's Armour         Ice            0%         N/A       100%        3
 Summon Guardian Golem    Hex/Summ       0%         N/A       100%        3
 Agony                    Necr           0%         N/A       100%        5
 Silence                  Hex/Air        0%         N/A       100%        5
 Orb of Destruction       Conj           0%         9d5       100%        7
 Ozocubu's Refrigeration  Ice            0%         4d7       100%        7
 Spellforged Servitor     Conj/Summ      0%         N/A       100%        7


Dungeon Overview and Level Annotations

Branches:
Dungeon (3/15)

Altars:
Gozag
Xom


Innate Abilities, Weirdness & Mutations

You are completely covered in rugged brown scales. (AC +3, +7% HP)
Armour fits poorly on your strangely shaped body.
You have a long armoured tail.
You roll when moving toward enemies. (Rampage)
Your long tongue fully drains potion bottles. (2x potion effects)
Your tongue gives you trouble enunciating. (1.5x scroll delay)


Message History

You are confused.
Something hits you but does no damage.
You feel drained.
You bump into the rock wall.
Something hits you.
You feel drained.
You closely miss something. Something hits you but does no damage.
You feel drained.
You're too confused to move!
Something hits you but does no damage.
You feel drained.
You feel very mighty all of a sudden.
You slurp down every last drop of the potion of might!
Something hits you but does no damage.
You feel drained.
You closely miss something.
Your tail-slap misses something.
You hear some strange, mumbled words.
A puff of flame appears from out of thin air!
The puff of flame hits you.
You bump into the rock wall.
Something hits you.
You feel drained.
You bump into the rock wall.
You feel less confused.
An orc wizard appears from thin air!
Reactivating autopickup.
The orc wizard gestures wildly while chanting.
The orc wizard flickers and vanishes!
Deactivating autopickup; reactivate with Ctrl-A.
Something unexpectedly blocked you, preventing you from rolling!
You miss something. Something hits you.
You feel drained.
Something unexpectedly blocked you, preventing you from rolling!
You closely miss something.
Your tail-slap misses something.
You hear some strange, mumbled words.
A puff of flame appears from out of thin air!
The puff of flame hits you but does no damage.
Something hits you.
* * * LOW HITPOINT WARNING * * *
You feel drained.
* * * LOW HITPOINT WARNING * * *
Something unexpectedly blocked you, preventing you from rolling!
You closely miss something.
You hear some strange, mumbled words.
A magic dart appears from out of thin air!
The magic dart hits you.
You die...
Your body crumbles into a pile of gold.

#.....# ##.## #.# #.#
#.....####..####.#########.#
#.....'...#.........)...##.#
#.....###.###....######.##.#
#.....# #.# #.#.......#.#..###
#.....# #.# #.#............... .
#.....# #.# #.##..........####
.######### #.# #.##.........#.###
.'. #.# #@##.####.#.#.#.#. .#.###
#.# #{##.####<#.##.#.# .....###
#.# #b##...####.###..[
#....#.#####.###o####.# #.##.#[#
#....#.......b...# #.## #.#.#.#.
#....'......o########..###..#.###
#....#.....### #.............####
#....#.#...### #.######)##.......
#....'.......# #.# #.######.##


You could see an orc and a bat.

Vanquished Creatures
  2 adders (D:2)
  A gnoll (D:3)
  A worm (D:2)
  3 orcs (D:3)
  3 ball pythons
  3 bats
  2 endoplasms
  7 goblins
  3 hobgoblins (D:2)
  3 frilled lizards
  3 rats
31 creatures vanquished.

Notes
Turn   | Place    | Note
-------+----------+-------------------------------------------
     0 | D:1      | DrIncompetent the Armataur Fighter began the quest for the
                  | Orb.
     0 | D:1      | Reached XP level 1. HP: 19/19 MP: 1/1
   255 | D:1      | Reached XP level 2. HP: 22/26 MP: 2/2
   576 | D:1      | Found a faded altar of an unknown god.
   898 | D:1      | Prayed at the altar of an unknown god.
   898 | D:1      | Became a worshipper of Gozag Ym Sagoz the Greedy
  1177 | D:2      | Reached XP level 3. HP: 28/32 MP: 3/3
  1230 | D:2      | Found a shimmering altar of Xom.
  2743 | D:3      | Killed from afar by an orc wizard

Illustrated notes

Levels and vault maps discovered:
D:1:      minmay_arrival_solitary_statue, layout_basic,
          chequers_ecumenical_altar_twisty, nicolae_hexahallways,
          dreamdust_wishing_well
D:2:      layout_basic, basic_altar
D:3:      layout_basic, minmay_circle_x

Skill      XL: |  1  2 |
---------------+-------+-----
Maces & Flails | 2 3 |  3.9
Fighting       | |  2.6
Armour         | |  3.6
Shields        | |  3.2

Action                     || total
---------------------------++-------
  Melee: Flail             ||   109
         Tailslap          ||    10
  Throw: Dart              ||     3
    Use: Scroll            ||     1
         Potion            ||     1
 Armour: Scale mail        ||    30
         Chain mail        ||    15
  Dodge: Dodged            ||    47
  Block: Buckler           ||    19
